 Dungeon Crawl Stone Soup version 0.22.0-38-g04b72b8 (webtiles) character file.

5170 Lew the Blocker (level 10, -9/82 HPs)
             Began as a Gnoll Fighter on Aug 28, 2018.
             Was a Believer of Ashenzari.
             Mangled by a two-headed ogre
             ... wielding a +0 giant club
              (27 damage)
             ... on level 8 of the Dungeon.
             The game lasted 00:19:28 (7810 turns).

Lew the Blocker (Gnoll Fighter)                     Turns: 7810, Time: 00:19:29

Health: -9/82      AC: 10    Str: 20    XL:     10   Next: 59%
Magic:  27/27      EV: 12    Int: 11    God:    Ashenzari [**....]
Gold:   462        SH: 16    Dex: 16    Spells: 19/19 levels left

rFire    . . .     SeeInvis .   y - +1 falchion (vamp)
rCold    . . .     Gourm    .   c - +1 shield (curse)
rNeg     + . .     Faith    .   b - +0 scale mail
rPois    .         Spirit   .   s - +1 helmet (curse)
rElec    .         Reflect  +   (no cloak)
rCorr    .         Harm     .   (no gloves)
MR       .....                  (no boots)
Stlth    ++........             k - +3 amulet of reflection
HPRegen  0.23/turn              n - ring of magical power
MPRegen  0.20/turn              l - ring of positive energy

@: no status effects
A: distributed training, fangs 1, strong nose
a: Curse Item, Scrying, Renounce Religion


You were on level 8 of the Dungeon.
You worshipped Ashenzari.
Ashenzari was pleased with you.
You were not hungry.

You visited 1 branch of the dungeon, and saw 8 of its levels.

You collected 462 gold pieces.

Inventory:

Hand Weapons
 a - a +2 long sword
 y - a +1 vampiric falchion (weapon)
Armour
 b - a +0 scale mail (worn)
 c - a cursed +1 shield (worn)
 s - a cursed +1 helmet (worn)
Jewellery
 k - a +3 amulet of reflection (around neck)
 l - a ring of positive energy (right hand)
 m - an uncursed ring of magical power
 n - a ring of magical power (left hand)
 v - an uncursed ring of fire
Wands
 h - a wand of acid (2)
 u - a wand of iceblast (7)
 w - a wand of flame (18)
Scrolls
 e - 2 scrolls of magic mapping
 g - 3 scrolls of immolation
 q - 2 scrolls of fog
 t - 3 scrolls of remove curse
Potions
 d - a potion of haste
 j - a potion of brilliance
 r - 2 potions of lignification
Miscellaneous
 p - a phial of floods
Comestibles
 f - 14 rations


   Skills:
 + Level 8.5 Fighting
 + Level 5.3 Short Blades
 + Level 7.1 Long Blades
 + Level 5.3 Axes
 + Level 5.3 Maces & Flails
 + Level 5.3 Polearms
 + Level 5.3 Staves
 + Level 5.3 Slings
 + Level 5.3 Bows
 + Level 5.3 Crossbows
 + Level 5.3 Throwing
 + Level 8.5 Armour
 + Level 5.3 Dodging
 + Level 5.3 Stealth
 + Level 8.5(10.0) Shields
 + Level 5.3 Unarmed Combat
 + Level 5.3 Spellcasting
 + Level 4.4 Conjurations
 + Level 4.4 Hexes
 + Level 4.4 Charms
 + Level 4.4 Summonings
 + Level 4.4 Necromancy
 + Level 4.4 Translocations
 + Level 4.4 Transmutations
 + Level 4.4 Fire Magic
 + Level 4.4 Ice Magic
 + Level 4.4 Air Magic
 + Level 4.4 Earth Magic
 + Level 4.4 Poison Magic
 + Level 5.8 Invocations
 + Level 5.3 Evocations


You had 19 spell levels left.
You didn't know any spells.
Your spell library contained the following spells:

 Spells                   Type           Power        Failure   Level  Hunger
 Beastly Appendage        Tmut           ##....       16%         1    None
 Confusing Touch          Hex            ##....       16%         1    None
 Freeze                   Ice            ##..         16%         1    None
 Summon Small Mammal      Summ           ##..         16%         1    None
 Call Imp                 Summ           ##......     24%         2    ##.....
 Sticks to Snakes         Tmut           ##......     24%         2    ##.....
 Throw Frost              Conj/Ice       ##....       24%         2    ##.....
 Confuse                  Hex            ##......     43%         3    ###....
 Gell's Gravitas          Tloc           ##........   43%         3    ###....
 Mephitic Cloud           Conj/Pois/Air  ##......     43%         3    ###....
 Ozocubu's Armour         Chrm/Ice       ##......     43%         3    ###....
 Spider Form              Tmut/Pois      ##........   43%         3    ###....
 Force Lance              Conj/Tloc      ##......     83%         4    ####...
 Ice Form                 Ice/Tmut       ##......     83%         4    ####...
 Olgreb's Toxic Radiance  Pois           ##......     83%         4    ####...
 Petrify                  Tmut/Erth      ##......     83%         4    ####...
 Summon Ice Beast         Ice/Summ       ##......     83%         4    ####...
 Throw Icicle             Conj/Ice       ##......     83%         4    ####...
 Blade Hands              Tmut           ##........   99%         5    ######.
 Bolt of Draining         Conj/Necr      ##........   99%         5    ######.
 Metabolic Englaciation   Hex/Ice        ##........   99%         5    ######.
 Summon Mana Viper        Hex/Summ       ##......     99%         5    ######.
 Yara's Violent Unravell  Hex/Tmut       ##........   99%         5    ######.
 Conjure Ball Lightning   Conj/Air       ##........   100%        6    #######
 Shadow Creatures         Summ           N/A          100%        6    #######


Dungeon Overview and Level Annotations

Branches:
Dungeon (8/15)             Temple (0/1) D:4
   Lair: D:8-11

Altars:
Ashenzari
Cheibriados
Elyvilon
Fedhas
Gozag
Kikubaaqudgha
Makhleb
Nemelex Xobeh
Uskayaw
Vehumet
Xom
Zin


Innate Abilities, Weirdness & Mutations

Your experience applies equally to all skills.
You have very sharp teeth.
Your uncanny sense of smell can sniff out nearby items.


Message History

You block the two-headed ogre's attack. x2
You slash the two-headed ogre!
The two-headed ogre is severely wounded.
You barely miss the two-headed ogre.
The two-headed ogre is severely wounded.
The two-headed ogre hits you but does no damage.
You block the two-headed ogre's attack.
You slash the two-headed ogre! You bite the two-headed ogre.
The two-headed ogre is severely wounded.
The two-headed ogre hits you but does no damage.
You block the two-headed ogre's attack.
You hit the two-headed ogre but do no damage.
The two-headed ogre is severely wounded.
You block the two-headed ogre's attack. x2
You hit the two-headed ogre but do no damage.
The two-headed ogre is severely wounded.
You hit the two-headed ogre but do no damage.
The two-headed ogre is severely wounded.
The two-headed ogre hits you with a giant club!!
You die...

###.##...........# ,
##..##.####......# #...##.#
#..._..# * ,* .....#.# #(.....# *
* #...##.# #......# .......#
#......# ....#### ####.#.# *
##.## ###.# #.# * ##'## #@# #.#
#...## #O##### ##.### # .....##
### #n##.., ...<####. ......##
##.###.##.# * #....)...
.......####...##.##.#####...##...
.......+..............n......(...
.......####...##.##.###........#,
.............###.##.###{##{.####
......#####.#.........#.###.#


You could see a two-headed ogre and a necrophage.

Vanquished Creatures
  2 two-headed ogres (D:8)
  An unseen horror (D:8)
  A steam dragon (D:7)
  Menkaure (D:7)
  A warg (D:8)
  An ice beast (D:7)
  An orc warrior (D:8)
  A black bear (D:6)
  A hornet zombie (D:4)
  A sky beast (D:8)
  2 ogres
  4 centaurs
  A crocodile (D:8)
  8 bullfrogs
  A gnoll sergeant (D:7)
  A water moccasin zombie (D:8)
  A wyvern skeleton (D:6)
  3 scorpions
  A killer bee (D:8)
  4 electric eels (D:6)
  5 crimson imps
  2 jellies
  6 hounds
  2 orc priests
  3 orc wizards
  2 iguanas (D:4)
  5 worker ants
  A hound skeleton (D:4)
  7 gnolls
  2 adders
  2 shadow imps
  4 oozes
  4 adder skeletons
  4 worms
  3 dart slugs
  5 leopard geckos
  15 orcs
  2 ball pythons (D:2)
  6 bats
  7 giant cockroaches
  3 goblins
  4 hobgoblins
  18 jackals
  5 kobolds
  4 quokkas
  7 frilled lizards
  5 rats
  2 plants (D:6)
172 creatures vanquished.

Notes
Turn   | Place    | Note
-------+----------+-------------------------------------------
     0 | D:1      | Lew the Gnoll Fighter began the quest for the Orb.
     0 | D:1      | Reached XP level 1. HP: 23/23 MP: 1/1
    29 | D:1      | Reached XP level 2. HP: 24/29 MP: 2/2
   664 | D:2      | Reached XP level 3. HP: 35/35 MP: 3/3
   748 | D:2      | Found a sparkling altar of Nemelex Xobeh.
   771 | D:2      | Found a shimmering altar of Xom.
   772 | D:2      | Found a hide-covered altar of Uskayaw.
   774 | D:2      | Found an opulent altar of Gozag.
   775 | D:2      | Found a white marble altar of Elyvilon.
   776 | D:2      | Found a shattered altar of Ashenzari.
   777 | D:2      | Found a radiant altar of Vehumet.
   846 | D:2      | Reached skill level 1 in Invocations
  1113 | D:2      | Became a worshipper of Ashenzari the Shackled
  1181 | D:3      | Reached skill level 1 in Short Blades
  1181 | D:3      | Reached skill level 1 in Axes
  1181 | D:3      | Reached skill level 1 in Maces & Flails
  1181 | D:3      | Reached skill level 1 in Polearms
  1181 | D:3      | Reached skill level 1 in Staves
  1181 | D:3      | Reached skill level 1 in Slings
  1181 | D:3      | Reached skill level 1 in Bows
  1181 | D:3      | Reached skill level 1 in Crossbows
  1181 | D:3      | Reached skill level 1 in Throwing
  1181 | D:3      | Reached skill level 1 in Dodging
  1181 | D:3      | Reached skill level 1 in Stealth
  1181 | D:3      | Reached skill level 1 in Unarmed Combat
  1181 | D:3      | Reached skill level 1 in Spellcasting
  1181 | D:3      | Reached skill level 1 in Evocations
  1269 | D:3      | Reached XP level 4. HP: 26/41 MP: 5/5
  1323 | D:3      | Reached skill level 1 in Conjurations
  1323 | D:3      | Reached skill level 1 in Hexes
  1323 | D:3      | Reached skill level 1 in Charms
  1323 | D:3      | Reached skill level 1 in Summonings
  1323 | D:3      | Reached skill level 1 in Necromancy
  1323 | D:3      | Reached skill level 1 in Translocations
  1323 | D:3      | Reached skill level 1 in Transmutations
  1323 | D:3      | Reached skill level 1 in Fire Magic
  1323 | D:3      | Reached skill level 1 in Ice Magic
  1323 | D:3      | Reached skill level 1 in Air Magic
  1323 | D:3      | Reached skill level 1 in Earth Magic
  1323 | D:3      | Reached skill level 1 in Poison Magic
  1637 | D:3      | Reached XP level 5. HP: 45/47 MP: 6/6
  1767 | D:3      | Reached * piety under Ashenzari
  2384 | D:4      | Found a staircase to the Ecumenical Temple.
  2640 | D:4      | Reached XP level 6. HP: 52/53 MP: 8/8
  2671 | D:4      | Found a glowing silver altar of Zin.
  2691 | D:4      | Reached skill level 5 in Long Blades
  3154 | D:5      | Entered Level 5 of the Dungeon
  3186 | D:5      | Reached XP level 7. HP: 53/59 MP: 10/10
  3783 | D:5      | Reached ** piety under Ashenzari
  3843 | D:5      | Reached XP level 8. HP: 67/67 MP: 12/12
  3848 | D:5      | Found a burning altar of Makhleb.
  3848 | D:5      | Noticed a balrug
  3853 | D:5      | Noticed an orange demon
  3853 | D:5      | Noticed a ynoxinul
  3990 | D:6      | Found a white marble altar of Elyvilon.
  5593 | D:7      | Reached XP level 9. HP: 43/72 MP: 14/14
  5624 | D:7      | Noticed Menkaure
  5635 | D:7      | Killed Menkaure
  5990 | D:7      | Found an ancient bone altar of Kikubaaqudgha.
  5991 | D:7      | Found a blossoming altar of Fedhas.
  6387 | D:8      | Found a snail-covered altar of Cheibriados.
  6423 | D:8      | Noticed a two-headed ogre
  6593 | D:8      | Killed a two-headed ogre
  6593 | D:8      | Reached skill level 5 in Invocations
  6938 | D:8      | Noticed a manticore
  7239 | D:8      | Reached XP level 10. HP: 60/80 MP: 17/17
  7420 | D:8      | Noticed a two-headed ogre
  7425 | D:8      | Killed a two-headed ogre
  7425 | D:8      | Reached skill level 5 in Short Blades
  7425 | D:8      | Reached skill level 5 in Axes
  7425 | D:8      | Reached skill level 5 in Maces & Flails
  7425 | D:8      | Reached skill level 5 in Polearms
  7425 | D:8      | Reached skill level 5 in Staves
  7425 | D:8      | Reached skill level 5 in Slings
  7425 | D:8      | Reached skill level 5 in Bows
  7425 | D:8      | Reached skill level 5 in Crossbows
  7425 | D:8      | Reached skill level 5 in Throwing
  7425 | D:8      | Reached skill level 5 in Dodging
  7425 | D:8      | Reached skill level 5 in Stealth
  7425 | D:8      | Reached skill level 5 in Unarmed Combat
  7425 | D:8      | Reached skill level 5 in Spellcasting
  7425 | D:8      | Reached skill level 5 in Evocations
  7429 | D:8      | Killed an unseen horror
  7448 | D:8      | Identified the Reference Book on Cankerous Confrontation
  7454 | D:8      | Identified the Reference Book on Intoxication and the Entourage
  7789 | D:8      | Noticed a two-headed ogre
  7810 | D:8      | Mangled by a two-headed ogre

Skill      XL: |  1  2  3  4  5  6  7  8  9 10 |
---------------+-------------------------------+-----
Invocations    | 1 2 3 4 5 |  5.8
Short Blades   | 1 2 3 4 5 |  5.3
Axes           | 1 2 3 4 5 |  5.3
Maces & Flails | 1 2 3 4 5 |  5.3
Polearms       | 1 2 3 4 5 |  5.3
Staves         | 1 2 3 4 5 |  5.3
Slings         | 1 2 3 4 5 |  5.3
Bows           | 1 2 3 4 5 |  5.3
Crossbows      | 1 2 3 4 5 |  5.3
Throwing       | 1 2 3 4 5 |  5.3
Dodging        | 1 2 3 4 5 |  5.3
Stealth        | 1 2 3 4 5 |  5.3
Unarmed Combat | 1 2 3 4 5 |  5.3
Spellcasting   | 1 2 3 4 5 |  5.3
Evocations     | 1 2 3 4 5 |  5.3
Conjurations   | 1 2 3 4 |  4.4
Hexes          | 1 2 3 4 |  4.4
Charms         | 1 2 3 4 |  4.4
Summonings     | 1 2 3 4 |  4.4
Necromancy     | 1 2 3 4 |  4.4
Translocations | 1 2 3 4 |  4.4
Transmutations | 1 2 3 4 |  4.4
Fire Magic     | 1 2 3 4 |  4.4
Ice Magic      | 1 2 3 4 |  4.4
Air Magic      | 1 2 3 4 |  4.4
Earth Magic    | 1 2 3 4 |  4.4
Poison Magic   | 1 2 3 4 |  4.4
Long Blades    | 5 6 7 |  7.1
Fighting       | 7 8 |  8.5
Armour         | 7 8 |  8.5
Shields        | 7 8 |  8.5

Action                   |  1- 3 |  4- 6 |  7- 9 | 10-12 || total
-------------------------+-------+-------+-------+-------++-------
Melee: Long sword        |   122 |   141 |   310 |       ||   573
       Bite              |    13 |    20 |    66 |    14 ||   113
       Falchion          |       |       |    87 |    96 ||   183
Invok: Curse Item        |     1 |       |       |       ||     1
Evoke: Wand              |       |       |     1 |     7 ||     8
  Use: Scroll            |     5 |     6 |    11 |     1 ||    23
       Potion            |       |     2 |     5 |     2 ||     9
 Stab: Invisible         |       |       |     6 |       ||     6
       Sleeping          |       |       |     1 |       ||     1
  Eat: Chunk             |     1 |     7 |     8 |       ||    16
       Ration            |       |       |     3 |     1 ||     4
Armor: Scale mail        |    43 |    44 |   101 |    27 ||   215
Dodge: Dodged            |    22 |    54 |   119 |    36 ||   231
Block: Shield            |    67 |    80 |   218 |   102 ||   467
       Reflection        |       |       |       |     3 ||     3
       Rpst.: Long sword |     7 |    19 |    27 |       ||    53
       Falchion          |       |       |     6 |    10 ||    16
